Map: World of Sleepers LE

Players

Hellraiser

  • Race: Protoss Protoss
  • Spawn Location: 1:00

Has - Winner!

  • Race: Protoss Protoss
  • Spawn Location: 7:00

VOD

Have the link to the VOD?

Description

Time

  • Played on: Sept. 6, 2019, 9:42 p.m.
  • Length: 9:20
Show
View Real Time Build Order
Export as new Build Order

Hellraiser Protoss 

Build Orders: Phoenix Opening, Zealot Archon 

Get SALT Encoding   

  12  0:00  Probe  
  13  0:12  Probe  
  14  0:17  Pylon  
  14  0:23  Probe  
  15  0:31  Probe  
  16  0:38  Gateway  
  16  0:39  Probe  
  16  0:46  Assimilator  
  17  0:51  Probe  
  18  1:00  Assimilator  
  18  1:03  Probe  
  19  1:15  Probe  
  20  1:26  Cybernetics Core  
  20  1:28  Pylon  
  20  1:32  Gateway  
  20  1:33  Probe  
  21  1:41  Probe  
  22  1:49  Probe  
  23  2:01  Probe  
  23  2:02  Warp Gate, Stalker  
  26  2:10  Sentry  
  26  2:11  Pylon  
  26  2:13  Probe  
  29  2:25  Probe  
  30  2:32  Stalker  
  30  2:36  Stalker  
  34  2:45  Phoenix  
  34  2:56  Nexus  
  34  2:59  Probe  
  35  3:08  Robotics Facility  
  35  3:12  Probe  
  36  3:18  Shield Battery  
  36  3:24  Probe  
  36  3:36  Pylon, Probe  
  36  3:40  Twilight Council  
  37  3:48  Probe  
  37  3:54  Stalker x2  
  42  3:57  Probe  
  43  4:05  Probe x2  
  45  4:13  Probe  
  45  4:15  Probe  
  45  4:18  Blink  
  45  4:19  Stalker  
  45  4:21  Probe  
  49  4:27  Probe, Stalker  
  49  4:29  Probe  
  53  4:37  Probe  
  50  4:39  Probe  
  49  4:49  Probe  
  49  4:51  Probe  
  49  4:52  Forge  
  51  4:58  Stalker  
  51  4:59  Stalker  
  55  5:01  Probe  
  55  5:03  Probe  
  56  5:11  Probe  
  56  5:14  Probe  
  56  5:17  Protoss Ground Weapons Level 1  
  56  5:19  Probe  
  57  5:26  Probe  
  57  5:28  Assimilator  
  59  5:30  Probe, Assimilator  
  59  5:36  Pylon  
  59  5:38  Probe  
  59  5:42  Probe  
  60  5:48  Photon Cannon  
  60  5:50  Probe  
  60  5:54  Probe  
  60  5:57  Templar Archives  
  62  5:58  Gateway x2  
  62  6:02  Probe  
  63  6:06  Photon Cannon, Probe  
  63  6:14  Probe  
  63  6:16  Gateway  
  64  6:18  Probe  
  64  6:24  Gateway  
  64  6:29  Gateway  
  64  6:30  Gateway  
  64  6:33  Probe  
  65  6:46  High Templar  
  67  6:47  High Templar  
  67  6:49  Shield Battery  
  67  6:51  Shield Battery, Archon  
  67  6:52  Shield Battery  
  67  6:53  Shield Battery  
  69  6:55  Pylon  
  69  7:00  Pylon  
  69  7:01  Pylon  
  69  7:07  Pylon  
  69  7:08  Shield Battery  
  69  7:13  High Templar x2  
  69  7:14  Stalker  
  75  7:17  Archon  
  75  7:22  Stalker x2  
  77  7:29  Stalker  
  72  7:30  Stalker  
  68  7:42  Stalker x2  
  68  7:49  Stalker x2  
  40  8:09  Probe x2  
  38  8:17  Probe x2  
  38  8:25  Probe x2  
  40  8:29  Pylon  
  40  8:33  Probe x2  
  42  8:39  High Templar x2  
  48  8:41  Probe x2  
  48  8:43  Archon  
  52  9:00  Stalker  
Show
View Real Time Build Order
Export as new Build Order

Has Protoss - Winner!

Build Orders: Phoenix Opening 

Get SALT Encoding   

  12  0:00  Probe  
  13  0:12  Probe  
  14  0:17  Pylon  
  14  0:23  Probe  
  15  0:32  Probe  
  15  0:38  Gateway  
  15  0:40  Probe  
  17  0:51  Probe  
  17  0:53  Assimilator  
  18  0:59  Pylon, Probe  
  19  1:07  Probe, Assimilator  
  19  1:17  Probe  
  21  1:25  Cybernetics Core  
  21  1:28  Pylon  
  21  1:29  Probe  
  22  1:41  Probe  
  22  1:42  Pylon  
  23  1:53  Probe  
  24  2:02  Adept  
  24  2:04  Warp Gate  
  24  2:08  Shield Battery  
  27  2:11  Stargate  
  27  2:13  Probe  
  27  2:25  Probe  
  28  2:32  Stalker  
  31  2:37  Probe  
  31  2:43  Pylon  
  31  2:45  Phoenix  
  33  3:03  Phoenix  
  33  3:04  Nexus  
  35  3:21  Robotics Facility  
  36  3:29  Pylon  
  36  3:34  Phoenix  
  36  3:39  Probe  
  38  3:48  Shield Battery  
  38  3:51  Probe  
  38  3:52  Adept  
  41  4:03  Phoenix, Probe  
  45  4:10  Observer  
  45  4:13  Probe  
  46  4:18  Probe  
  46  4:21  Probe  
  47  4:29  Probe  
  47  4:31  Probe  
  50  4:43  Probe x2  
  50  4:45  Adept  
  50  4:48  Immortal  
  54  4:55  Pylon, Probe  
  54  4:58  Twilight Council  
  55  5:00  Probe  
  56  5:07  Probe  
  55  5:15  Sentry  
  55  5:17  Gateway  
  55  5:18  Immortal  
  55  5:20  Gateway  
  58  5:21  Probe  
  58  5:23  Assimilator  
  58  5:25  Gateway  
  58  5:31  Resonating Glaives  
  62  5:49  Gateway x2  
  62  5:54  Pylon  
  62  5:56  Gateway  
  62  5:57  Warp Prism  
  62  6:03  Pylon  
  64  6:08  Observer  
  64  6:13  Adept x2  
  68  6:21  Adept x2  
  72  6:26  Pylon  
  72  6:33  Adept  
  72  6:34  Adept  
  80  6:41  Pylon x2  
  79  6:55  Adept x7  
  90  7:02  Pylon  
  89  7:15  Adept x5  
  89  7:22  Adept x2  
  99  7:36  Stalker x2  
  93  7:37  Stalker  
  93  7:45  Warp Prism  
  85  8:03  Adept x5  
  73  8:15  Adept x2  
  77  8:24  Adept x5  
  87  8:46  Adept x6  
  99  8:49  Adept  
Tags
 
Add a new tag
Caveats
  • Supply blocks, unpowered buildings, or Contaminate may cause inaccurate times.
  • Supply counts are checked every 10 seconds.